 Dungeon Crawl Stone Soup version 0.30-b1-2-g02819fbbbe (webtiles) character file.

Game seed: 5411082666415317279

249 sanka the Changer (level 6, -1/34 HPs)
             Began as a Kobold Transmuter on May 13, 2023.
             Slain by an orc priest
             ... wielding a +0 flail
              (8 damage)
             ... on level 3 of the Dungeon.
             The game lasted 00:03:55 (2245 turns).

sanka the Changer (Kobold Transmuter)               Turns: 2245, Time: 00:03:56

Health: -1/34      AC:  3    Str:  8    XL:     6   Next: 35%
Magic:  10/10      EV: 15    Int: 16    God:
Gold:   79         SH:  0    Dex: 15    Spells: 5/11 levels left

rFire   . . .        n - +1 whip (elec)
rCold   + . .        (no shield)
rNeg    + . .        a - +0 robe
rPois   .            e - +0 helmet
rElec   .            d - scarf {+Inv}
rCorr   .            (no gloves)
SInv    .            (no boots)
Will    .....        (no amulet)
Stlth   ++           h - ring of protection from cold
HPRegen 0.25/turn    m - ring of positive energy
MPRegen 0.12/turn

%: no passive effects
@: no status effects
A: small, no large weapons, nightstalker 3
a: Evoke Invisibility


You were on level 3 of the Dungeon.
You visited 1 branch of the dungeon, and saw 3 of its levels.

You collected 79 gold pieces.

Inventory:

Hand Weapons
 n - a +1 whip of electrocution (weapon)
Armour
 a - a +0 robe (worn)
 d - a scarf of invisibility (worn)
 e - a +0 helmet (worn)
Jewellery
 h - a ring of protection from cold (left hand)
 m - a ring of positive energy (right hand)
Scrolls
 k - a scroll of torment {unknown}
 l - 2 scrolls of noise {unknown}
 p - a scroll of teleportation {unknown}
 r - a scroll of enchant armour {unknown}
 s - a scroll of poison {unknown}
Potions
 b - a potion of haste {unknown}
 c - a potion of cancellation {unknown}
 f - a potion of degeneration {unknown}
 g - 3 potions of heal wounds {unknown}
 i - a potion of attraction {unknown}
 j - 2 potions of curing {unknown}
 o - a potion of might {unknown}
 q - a potion of brilliance


   Skills:
 - Level 1.1 Fighting
 - Level 2.4 Dodging
 - Level 3.4 Unarmed Combat
 - Level 3.0 Spellcasting
 + Level 5.1 Transmutations
 - Level 2.0 Poison Magic


You had 5 spell levels left.
You knew the following spells:

 Your Spells              Type           Power      Damage    Failure   Level
a - Beastly Appendage     Tmut           36%        N/A       2%          1
b - Wereblood             Tmut           18%        N/A       3%          2
c - Spider Form           Tmut/Pois      13%        N/A       13%         3

Your spell library contained the following spells:

 Spells                   Type           Power      Damage    Failure   Level
 Ice Form                 Ice/Tmut       10%        N/A       54%         4


Dungeon Overview and Level Annotations

Branches:
Dungeon (3/15)

Altars:


Innate Abilities, Weirdness & Mutations

You are small and have problems with some larger weapons.
You are completely attuned to the shadows.


Message History

The orc is lightly wounded.
The orc closely misses you.
You hit the orc.
The orc is lightly wounded.
The orc priest looks encouraged for a moment.
The orc barely misses you.
You hit the orc.
The orc is almost dead.
The orc misses you.
You hit the orc.
You kill the orc!
The orc priest invokes the aid of Beogh against you.
Beogh smites you!
You barely miss the orc. The orc barely misses you.
You barely miss the orc. The orc hits you with a +0 club.
You closely miss the orc. The orc hits you with a +0 club.
Unknown command.
You hit the orc.
The orc is almost dead.
The orc barely misses you.
You hit the orc.
You kill the orc!
The orc priest calls down the wrath of Beogh upon you.
Beogh smites you!
* * * LOW HITPOINT WARNING * * *
Unknown command.
You barely miss the orc priest.
The orc priest calls down the wrath of Beogh upon you.
You barely resist. You hit the orc priest.
The orc priest is moderately wounded.
The orc priest barely misses you.
Unknown command.
You hit the orc priest.
The orc priest is heavily wounded.
The orc priest begins to cast a cantrip, but forgets the words!
You hit the orc priest.
The orc priest is heavily wounded.
The orc priest hits you with a +0 flail!
You die...

..# ...# #######.#
...#######....##.#
........##.##.##o#
....###.##.##.##@#
...........##.##.#
#.#####.#####.##.#
#.......# #.##.#
#.####### #.##.#
#############.##.#
..............##.#
################.#
.................#


You could see an orc priest.

Vanquished Creatures
  Sigmund (D:2)
  3 adders (D:2)
  4 dart slugs
  2 orcs (D:3)
  5 ball pythons
  6 bats
  3 endoplasms
  2 giant cockroaches
  5 goblins
  2 hobgoblins (D:2)
  4 quokkas
  2 frilled lizards (D:1)
  9 kobolds
  6 rats
54 creatures vanquished.

Notes
Turn   | Place    | Note
-------+----------+-------------------------------------------
     0 | D:1      | sanka the Kobold Transmuter began the quest for the Orb.
     0 | D:1      | Reached XP level 1. HP: 12/12 MP: 3/3
    38 | D:1      | You fall into a shaft and drop 1 floor!
    77 | D:2      | Reached XP level 2. HP: 16/16 MP: 5/5
   257 | D:1      | Reached skill level 1 in Poison Magic
   674 | D:1      | Reached XP level 3. HP: 13/20 MP: 6/6
  1590 | D:2      | Reached XP level 4. HP: 25/25 MP: 6/8
  1593 | D:2      | Learned a level 2 spell: Wereblood
  1597 | D:2      | Learned a level 3 spell: Spider Form
  1677 | D:2      | Reached skill level 3 in Transmutations
  1834 | D:2      | Noticed Sigmund
  1849 | D:2      | Killed Sigmund
  1850 | D:2      | Reached skill level 5 in Transmutations
  1850 | D:2      | Reached XP level 5. HP: 5/29 MP: 9/9
  1850 | D:2      | Reached XP level 6. HP: 6/34 MP: 10/10
  2245 | D:3      | Slain by an orc priest

Illustrated notes

Levels and vault maps discovered:
D:1:      psy_arrival_wood_between_worlds, layout_loops_ring
D:2:      layout_rooms, minmay_misc_feat_room, minmay_misc_feat_rugged,
          uniq_sigmund
D:3:      layout_basic, minmay_misc_feat_secret_circle

Skill      XL: |  1  2  3  4 |
---------------+-------------+-----
Poison Magic   | 1 2 |  2.0
Spellcasting   | 3 |  3.0
Transmutations | 5 |  5.1
Fighting       | |  1.1
Dodging        | |  2.4
Unarmed Combat | |  3.4

Action                     |  1- 3 |  4- 6 || total
---------------------------+-------+-------++-------
  Melee: Unarmed           |   142 |    19 ||   161
         Punch             |     3 |       ||     3
         Whip              |     8 |    53 ||    61
         Kick              |     3 |     8 ||    11
         Headbutt          |     3 |     2 ||     5
   Cast: Beastly Appendage |     5 |     6 ||    11
    Use: Potion            |       |     1 ||     1
   Stab: Sleeping          |    13 |     3 ||    16
 Armour: Robe              |    32 |     7 ||    39
         Skin              |       |    18 ||    18
  Dodge: Dodged            |   127 |    45 ||   172
